Map: Acid Plant LE

Players

BratOK (Brat_OK)

  • Race: Terran Terran
  • Spawn Location: 11:00

Krystianer - Winner!

  • Race: Protoss Protoss
  • League: Grandmaster
  • Spawn Location: 5:00

VOD

Have the link to the VOD?

Description

Time

  • Played on: Aug. 27, 2018, 3:43 p.m.
  • Length: 8:42
Show
View Real Time Build Order
Export as new Build Order

BratOK Terran 

Build Orders: MMM Bio 

Get SALT Encoding   

  12  0:00  SCV  
  13  0:12  SCV  
  14  0:17  Supply Depot  
  14  0:25  SCV  
  15  0:38  SCV  
  15  0:40  Barracks  
  16  0:43  Refinery  
  16  0:50  SCV  
  17  1:02  SCV  
  18  1:15  SCV  
  19  1:27  Reaper, Orbital Command  
  20  1:53  SCV  
  21  1:56  Command Center  
  21  1:59  Supply Depot  
  21  2:00  Marine  
  22  2:06  SCV  
  23  2:11  Factory  
  23  2:15  Refinery  
  23  2:20  Barracks Reactor  
  23  2:23  SCV  
  24  2:35  SCV  
  25  2:47  SCV  
  26  2:56  Widow Mine, Marine x2  
  30  3:00  SCV  
  31  3:08  Orbital Command  
  31  3:10  Starport  
  31  3:14  Marine x2  
  31  3:19  Cyclone  
  36  3:27  SCV  
  36  3:32  Marine  
  38  3:38  Supply Depot  
  37  3:47  Marine  
  38  3:49  Viking  
  38  3:50  SCV, Marine  
  38  3:54  Widow Mine  
  42  4:03  SCV  
  42  4:04  SCV  
  43  4:10  Marine  
  43  4:15  SCV  
  43  4:16  SCV  
  46  4:28  SCV x2  
  48  4:32  Starport Tech Lab, Barracks, Factory Tech Lab  
  48  4:34  Barracks  
  46  4:40  SCV x2  
  48  4:46  Supply Depot  
  48  4:47  Engineering Bay  
  48  4:52  SCV  
  49  4:56  SCV  
  49  4:58  Refinery, Marine x2  
  49  4:59  Factory Reactor  
  52  5:00  Starport Reactor  
  52  5:04  SCV  
  53  5:08  SCV, Supply Depot  
  54  5:14  Terran Infantry Weapons Level 1  
  54  5:16  SCV  
  54  5:20  SCV  
  54  5:22  Marine x2  
  54  5:28  SCV, Marauder x2  
  61  5:32  Stimpack, SCV  
  62  5:40  SCV  
  62  5:42  Supply Depot  
  63  5:43  Medivac, Supply Depot  
  63  5:44  SCV  
  63  5:45  Medivac  
  68  5:52  SCV  
  68  5:56  SCV  
  70  6:03  Marine  
  70  6:04  Marauder, SCV, Widow Mine x2  
  77  6:05  Marauder  
  77  6:08  SCV, Supply Depot  
  77  6:09  Marine, Supply Depot  
  82  6:18  Medivac x2  
  86  6:27  Combat Shields  
  86  6:29  Marine x2  
  86  6:30  Marauder, Widow Mine x2  
  86  6:31  Marauder  
  96  6:35  Supply Depot  
  96  6:36  Supply Depot  
  96  6:47  Marine  
  96  6:50  SCV x2, Command Center  
  96  6:51  Marauder  
  96  6:52  Refinery  
  101  7:01  Marauder, Marine  
  101  7:02  SCV  
  101  7:05  Marine  
  101  7:07  Barracks  
  104  7:11  Barracks  
  104  7:12  Marauder  
  104  7:14  SCV, Widow Mine x2  
  108  7:16  SCV  
  108  7:18  Supply Depot  
  108  7:21  Medivac  
  111  7:26  SCV  
  111  7:29  SCV  
  113  7:31  Marauder, Marine  
  113  7:34  Marauder  
  112  7:39  SCV  
  91  7:53  Marauder  
  91  7:55  Marauder  
  93  8:00  Barracks Tech Lab, Barracks Reactor  
  93  8:02  Medivac x2, Widow Mine x2  
  93  8:03  SCV x2  
  93  8:04  Orbital Command  
  95  8:11  Missile Turret  
  95  8:14  Marauder  
  95  8:15  SCV, Marine x2  
  95  8:16  SCV  
  95  8:17  Marauder  
  95  8:19  Missile Turret  
Show
View Real Time Build Order
Export as new Build Order

Krystianer Protoss - Winner!

Build Orders: 1 Gate Expand, Oracle Opening 

Get SALT Encoding   

  12  0:00  Probe  
  13  0:12  Probe  
  14  0:17  Pylon  
  14  0:23  Probe  
  15  0:31  Probe  
  16  0:38  Gateway  
  16  0:39  Probe  
  16  0:46  Assimilator  
  17  0:51  Probe  
  18  1:03  Probe  
  19  1:15  Probe  
  20  1:22  Nexus  
  20  1:32  Cybernetics Core  
  20  1:37  Assimilator  
  20  1:40  Probe  
  21  1:48  Pylon  
  21  1:52  Probe  
  22  1:59  Adept  
  22  2:04  Probe  
  25  2:14  Stargate  
  25  2:16  Probe  
  25  2:17  Adept  
  26  2:28  Warp Gate  
  26  2:29  Probe  
  28  2:30  Probe  
  29  2:42  Probe x2  
  30  2:45  Adept  
  30  2:51  Oracle  
  33  2:54  Probe  
  33  2:55  Probe  
  38  3:06  Probe  
  39  3:21  Probe  
  39  3:24  Oracle  
  40  3:27  Gateway  
  40  3:28  Gateway  
  40  3:31  Pylon  
  40  3:33  Probe  
  44  3:35  Probe  
  45  3:45  Probe  
  46  3:49  Probe  
  47  3:57  Probe  
  47  4:01  Probe  
  49  4:05  Nexus  
  49  4:08  Pylon  
  48  4:12  Probe  
  48  4:13  Twilight Council  
  48  4:17  Forge  
  48  4:19  Probe  
  49  4:24  Probe  
  49  4:25  Assimilator  
  49  4:29  Pylon  
  49  4:31  Probe  
  51  4:33  Probe  
  49  4:41  Charge  
  49  4:42  Protoss Ground Armor Level 1  
  49  4:43  Probe  
  50  4:46  Probe  
  50  4:48  Zealot  
  50  4:49  Zealot x2  
  57  4:55  Probe  
  57  4:58  Probe  
  57  4:59  Phoenix  
  61  5:09  Zealot x3  
  61  5:13  Pylon  
  67  5:15  Probe  
  67  5:16  Probe  
  67  5:19  Probe  
  70  5:23  Probe  
  71  5:33  Gateway x2  
  71  5:35  Zealot  
  71  5:36  Gateway  
  71  5:41  Zealot x2  
  77  5:50  Gateway  
  77  5:52  Gateway  
  77  5:54  Phoenix  
  79  6:01  Templar Archives  
  79  6:02  Probe  
  80  6:04  Pylon  
  80  6:09  Probe  
  80  6:10  Probe, Pylon  
  82  6:12  Phoenix, Protoss Ground Armor Level 2  
  82  6:14  Probe  
  83  6:21  Probe  
  83  6:22  Probe, Zealot  
  83  6:23  Zealot x2  
  93  6:29  Pylon  
  93  6:30  Pylon  
  93  6:34  Phoenix  
  95  6:43  Zealot x3  
  101  6:59  Phoenix  
  101  7:00  Zealot x5  
  113  7:10  Zealot x3  
  113  7:15  Pylon  
  119  7:16  Pylon  
  119  7:23  Zealot x3  
  125  7:33  Phoenix  
  120  7:41  Zealot x5  
  119  7:45  Probe, Zealot x2  
  119  7:46  Probe  
  125  7:52  Probe  
  125  7:58  Phoenix  
  128  8:08  Zealot x6  
  140  8:18  Pylon  
  132  8:20  Zealot, Pylon  
  132  8:21  Zealot  
Tags
 
Add a new tag
Caveats
  • Supply blocks, unpowered buildings, or Contaminate may cause inaccurate times.
  • Supply counts are checked every 10 seconds.